 Dungeon Crawl Stone Soup version 0.27.0-1-g7a08968 (webtiles) character file.

Game seed: 9081420392586121308

91 Illumine the Magician (level 4, -1/25 HPs)
             Began as a Deep Elf Warper on Aug 11, 2021.
             Slain by a gnoll (5 damage)
             ... on level 3 of the Dungeon.
             The game lasted 00:08:25 (4968 turns).

Illumine the Magician (Deep Elf Warper)             Turns: 4968, Time: 00:08:26

Health: -1/25      AC:  3    Str:  8    XL:     4   Next: 33%
Magic:  11/11      EV: 12    Int: 19    God:
Gold:   56         SH:  0    Dex: 14    Spells: 2/10 levels left

rFire    . . .     SeeInvis .   i - +0 hunting sling
rCold    . . .     Faith    .   (no shield)
rNeg     . . .     Spirit   .   b - +0 leather armour
rPois    .         Reflect  .   (no helmet)
rElec    .         Harm     .   (no cloak)
rCorr    .         Rampage  .   (no gloves)
Will     .....                  (no boots)
Stlth    +.........             (no amulet)
HPRegen  0.08/turn              (no ring)
MPRegen  0.12/turn              (no ring)

@: no status effects
A: no striking features
a: no special abilities


You were on level 3 of the Dungeon.
You visited 1 branch of the dungeon, and saw 3 of its levels.

You collected 56 gold pieces.

Inventory:

Hand Weapons
 a - a +0 short sword
 i - a +0 hunting sling (weapon)
Missiles
 d - 5 boomerangs of dispersal
 e - 14 sling bullets
 f - 142 stones (quivered ammo)
 k - 8 poisoned darts
Armour
 b - a +0 leather armour (worn)
Scrolls
 c - a scroll of blinking
 g - a scroll of teleportation {unknown}
 h - a scroll of magic mapping {unknown}
 j - a scroll of identify {unknown}


   Skills:
 - Level 1.5 Fighting
 + Level 3.0 Short Blades
 + Level 1.2(1.5) Slings
 - Level 1.6(2.0) Throwing
 - Level 0.7 Armour
 - Level 2.4 Dodging
 + Level 3.8 Spellcasting
 + Level 3.8 Translocations


You had 2 spell levels left.
You knew the following spells:

 Your Spells              Type           Power      Damage    Failure   Level
a - Blink                 Tloc           N/A        N/A       6%          2
b - Gell's Gravitas       Tloc           9%         N/A       12%         3
c - Teleport Other        Tloc           18%        N/A       12%         3

Your spell library contained the following spells:

 Spells                   Type           Power      Damage    Failure   Level
 Lesser Beckoning         Tloc           9%         N/A       12%         3
 Manifold Assault         Tloc           18%        N/A       75%         5


Dungeon Overview and Level Annotations

Branches:
Dungeon (3/15)

Altars:
Dithmenos
Okawaru

Annotations:
D:1 Natasha
D:3 Terence


Message History

The stone hits the gnoll but does no damage.
The gnoll misses you.
Fire: 148 stones
Press: ? - help, Q - select action, (/) - cycle Shift-Dir - straight line, f/p - gnoll
Aim: a gnoll, wielding a +0 spear (61% to hit)
You shoot a stone. The stone hits the gnoll.
The gnoll is moderately wounded.
The gnoll hits you from afar with a +0 spear.
Fire: 147 stones
Press: ? - help, Q - select action, (/) - cycle Shift-Dir - straight line, f/p - gnoll
Aim: a gnoll, wielding a +0 spear (moderately wounded, 61% to hit)
You shoot a stone. The stone hits the gnoll.
The gnoll is heavily wounded.
The gnoll misses you.
Fire: 146 stones
Press: ? - help, Q - select action, (/) - cycle Shift-Dir - straight line, f/p - gnoll
Aim: a gnoll, wielding a +0 spear (heavily wounded, 61% to hit)
You shoot a stone. The stone closely misses the gnoll.
The gnoll barely misses you.
The gnoll hits you from afar with a +0 spear.
Fire: 145 stones
Press: ? - help, Q - select action, (/) - cycle Shift-Dir - straight line, f/p - gnoll
Aim: a gnoll, wielding a +0 spear (heavily wounded, 61% to hit)
You shoot a stone. The stone hits the gnoll.
The gnoll is severely wounded.
The gnoll hits you from afar with a +0 spear.
Fire: 144 stones
Press: ? - help, Q - select action, (/) - cycle Shift-Dir - straight line, f/p - gnoll
Aim: a gnoll, wielding a +0 spear (severely wounded, 61% to hit)
You shoot a stone. The stone closely misses the gnoll.
The gnoll hits you from afar with a +0 spear.
Unknown command.
Fire: 143 stones
Press: ? - help, Q - select action, (/) - cycle Shift-Dir - straight line, f/p - gnoll
Aim: a gnoll, wielding a +0 spear (severely wounded, 61% to hit)
You shoot a stone. The stone closely misses the gnoll.
The gnoll hits you from afar with a +0 spear!
* * * LOW HITPOINT WARNING * * *
The gnoll hits you from afar with a +0 spear.
You die...

### ## .g. .
#.#. .# #g
.###.# #.
.(.. #.###.#
#.g.(g#
#...#.#
#....#.#@#
#..#.#.### #.
..#.. #
.$.#### ....
##(.. #######
=... #@(.#.#
#.....######
#.##.รท......


You could see a gnoll.

Vanquished Creatures
  Jessica (D:2)
  An adder (D:2)
  3 worms (D:2)
  A dart slug (D:1)
  4 ball pythons (D:1)
  4 endoplasms
  2 giant cockroaches (D:2)
  3 goblins (D:1)
  4 hobgoblins (D:1)
  4 jackals
  A quokka (D:2)
  2 bats
  A frilled lizard (D:1)
  5 kobolds
  7 rats
43 creatures vanquished.

Notes
Turn   | Place    | Note
-------+----------+-------------------------------------------
     0 | D:1      | Illumine the Deep Elf Warper began the quest for the Orb.
     0 | D:1      | Reached XP level 1. HP: 12/12 MP: 6/6
   839 | D:1      | Found a faded altar of an unknown god.
   862 | D:1      | Reached XP level 2. HP: 8/16 MP: 8/8
   865 | D:1      | Learned a level 2 spell: Blink
  1874 | D:2      | Noticed Natasha
  1881 | D:2      | Noticed a crimson imp
  2159 | D:1      | Reached XP level 3. HP: 10/20 MP: 9/9
  2405 | D:2      | Found an iron altar of Okawaru.
  2542 | D:2      | Noticed Jessica
  2573 | D:2      | HP: 1/20 [Jessica/nerve-wracking pain (2)]
  3145 | D:2      | Learned a level 3 spell: Gell's Gravitas
  3149 | D:2      | Learned a level 3 spell: Teleport Other
  3392 | D:3      | Noticed a phantom
  3414 | D:2      | Killed Jessica
  3415 | D:2      | Reached skill level 1 in Slings
  3415 | D:2      | Reached XP level 4. HP: 11/25 MP: 9/11
  4219 | D:3      | Noticed Terence
  4330 | D:3      | Found a shadowy altar of Dithmenos.
  4968 | D:3      | Slain by a gnoll

Illustrated notes

Levels and vault maps discovered:
D:1:      dpeg_arrival_morbid_curiosity, layout_basic,
          ebering_ecumenical_altar_sacrificial
D:2:      layout_loops_ring, basic_altar, uniq_jessica, uniq_natasha
D:3:      layout_basic, lemuel_doored_altar, mainiacjoe_overflow_alcove_2,
          gammafunk_temple_overflow_statue, gammafunk_ghost_smash,
          minmay_misc_feat_nine_boxes, minmay_cupped, uniq_terence

Skill      XL: |  1  2  3  4 |
---------------+-------------+-----
Slings         | 1 |  1.2
Short Blades   | 3 |  3.0
Fighting       | |  1.5
Throwing       | |  1.6
Armour         | |  0.7
Dodging        | |  2.4
Spellcasting   | |  3.8
Translocations | |  3.8

Action                   |  1- 3 |  4- 6 || total
-------------------------+-------+-------++-------
Melee: Short sword       |   122 |    20 ||   142
 Fire: Hunting sling     |    81 |    40 ||   121
Throw: Stone             |    10 |       ||    10
 Cast: Blink             |     6 |     6 ||    12
 Stab: Sleeping          |     2 |       ||     2
Armor: Leather armour    |    33 |     2 ||    35
Dodge: Dodged            |    77 |    15 ||    92
